 Dungeon Crawl Stone Soup version 0.27.1-4-g1640c2035a (webtiles) character file.

Game seed: 15525607352644107479

3780 Almogavar the Cleaver (level 10, -4/88 HPs)
             Began as a Hill Orc Fighter on Nov 9, 2021.
             Was a Believer of Makhleb.
             Slain by an ogre (19 damage)
             ... on level 7 of the Dungeon.
             The game lasted 00:19:28 (8130 turns).

Almogavar the Cleaver (Hill Orc Fighter)            Turns: 8130, Time: 00:19:29

Health: -4/88      AC: 14    Str: 23    XL:     10   Next: 16%
Magic:  10/10      EV: 10    Int:  8    God:    Makhleb [**....]
Gold:   346        SH: 10    Dex: 10    Spells: 8/9 levels left

rFire    . . .     SeeInvis .   z - +2 hand axe (freeze)
rCold    . . .     Faith    .   r - +0 buckler
rNeg     . . .     Spirit   .   b - +0 scale mail
rPois    +         Reflect  +   E - +2 helmet
rElec    .         Harm     .   n - +0 cloak
rCorr    .         Rampage  .   C - +0 pair of gloves
Will     .....                  (no boots)
Stlth    ..........             k - amulet of reflection
HPRegen  0.24/turn              v - ring of poison resistance
MPRegen  0.12/turn              (no ring)

@: no status effects
A: no striking features
a: Renounce Religion, Minor Destruction


You were on level 7 of the Dungeon.
You worshipped Makhleb.
Makhleb was pleased with you.
You visited 2 branches of the dungeon, and saw 8 of its levels.
You also visited: Sewer.

You collected 546 gold pieces.
You spent 200 gold pieces at shops.

Inventory:

Hand Weapons
 o - a +4 flail of holy wrath
 z - a +2 hand axe of freezing (weapon)
Missiles
 y - 3 throwing nets (quivered)
Armour
 b - a +0 scale mail (worn)
 c - a +0 kite shield
 n - a +0 cloak (worn)
 r - a +0 buckler (worn)
 x - a +0 chain mail
 C - a +0 pair of gloves (worn)
 E - a +2 helmet (worn)
Jewellery
 k - an amulet of reflection (around neck)
 v - a ring of poison resistance (left hand)
Wands
 s - a wand of iceblast (7)
 t - a wand of digging (5)
Scrolls
 d - a scroll of holy word {unknown}
 f - 3 scrolls of amnesia
 g - 5 scrolls of teleportation
 i - 3 scrolls of blinking
 u - a scroll of fog
 w - a scroll of enchant weapon
 B - a scroll of magic mapping {unknown}
 F - a scroll of enchant armour {unknown}
 G - a scroll of vulnerability {unknown}
Potions
 a - a potion of invisibility {unknown}
 e - 2 potions of brilliance
 h - a potion of lignification
 j - 2 potions of flight
 l - a potion of magic
 m - 2 potions of heal wounds {unknown}
 p - 2 potions of curing {unknown}
 q - 2 potions of haste {unknown}
 A - 2 potions of might
 D - a potion of resistance {unknown}


   Skills:
 + Level 7.9 Fighting
 + Level 11.5 Axes
 + Level 7.7 Armour
 - Level 5.9 Shields
 * Level 6.0 Fire Magic


You had 8 spell levels left.
You knew the following spells:

 Your Spells              Type           Power      Damage    Failure   Level
a - Foxfire               Conj/Fire      16%        2x1d4     28%         1

Your spell library contained the following spells:

 Spells                   Type           Power      Damage    Failure   Level
 Conjure Flame            Conj/Fire      4%         6-21      65%         3
 Inner Flame              Hex/Fire       4%         N/A       65%         3
 Blink                    Tloc           N/A        N/A       83%         2
 Corpse Rot               Necr/Air       N/A        N/A       83%         2
 Dispel Undead            Necr           0%         3d6       100%        4
 Manifold Assault         Tloc           0%         N/A       100%        5
 Death Channel            Necr           0%         N/A       100%        6
 Storm Form               Tmut/Air       0%         N/A       100%        7


Dungeon Overview and Level Annotations

Branches:
Dungeon (7/15)             Temple (1/1) D:4           Sewer (visited)

Altars:
Ashenzari
Cheibriados
Elyvilon
Gozag
Kikubaaqudgha
Makhleb
Qazlal
Ru
Trog
Uskayaw
The Shining One

Shops:
D:4 :*


Message History

You closely miss the steam dragon.
The steam dragon bites you but does no damage.
You block the steam dragon's attack. The jelly hits you but does no damage.
You hit the jelly. You freeze the jelly.
Your hands burn!
The jelly is severely wounded.
You hit the steam dragon. You freeze the steam dragon. You hit the ogre.
You freeze the ogre.
A howler monkey comes into view.
The ogre barely misses you. You block the steam dragon's attack.
The steam dragon barely misses you.
You barely miss the steam dragon.
The steam dragon is severely wounded.
You hit the ogre. You freeze the ogre. You hit the jelly. You freeze the jelly.
Your hands burn!
The jelly misses you.
Unknown command.
You hit the steam dragon but do no damage.
The steam dragon is severely wounded.
You hit the ogre. You freeze the ogre. You slash the jelly!
You freeze the jelly.
You kill the jelly!
Makhleb accepts your kill.
The steam dragon bites you but does no damage.
The steam dragon misses you. The ogre hits you with a +0 giant club!
* * * LOW HITPOINT WARNING * * *
You completely miss the steam dragon.
The steam dragon is severely wounded.
You barely miss the ogre. You hit the howler monkey.
You freeze the howler monkey. The steam dragon bites you!
* * * LOW HITPOINT WARNING * * *
You block the steam dragon's attack. You block the howler monkey's attack.
Unknown command.
You slash the steam dragon! You freeze the steam dragon.
You kill the steam dragon!
Makhleb accepts your kill.
You feel better.
The steam dragon scales are intact enough to wear.
You hit the howler monkey. You freeze the howler monkey. You hit the ogre.
You freeze the ogre.
The ogre hits you with a +0 giant club!!
You die...

############## ### ###
#.# ##.#### ####.####.
###.###.# #(###.###.
##.##.##.###.##.##.## #
#.#$#)#.#.#.#.#.#.#†#
#.. #..#..#..#..#..#..#.
#...#h[.#...#...#.††#..
#..O@#....#....#....#
....#.....#.....#.....#.
......#......#......#...
.#.......#.......#......
............)...........
........................
########################


You could see an ogre and a howler monkey.

Vanquished Creatures
  Harold (D:7)
  A troll (D:7)
  Sigmund (D:5)
  A wyvern (D:7)
  A steam dragon (D:7)
  Menkaure (D:5)
  Edmund (D:5)
  A water moccasin (Sewer)
  2 ice beasts (D:5)
  4 ogres
  2 sky beasts
  A black bear (D:4)
  2 lemures (D:4)
  A phantom (D:5)
  2 bullfrogs (D:7)
  2 scorpions
  A wyvern skeleton (D:5)
  6 wights
  A bullfrog zombie (D:7)
  A centaur zombie (D:6)
  2 jellies
  3 orc priests
  Crazy Yiuf (D:2)
  A hound (D:4)
  A bullfrog skeleton (D:5)
  5 iguanas
  5 orc wizards
  2 hound skeletons
  A howler monkey zombie (D:7)
  Robin (D:2)
  7 adders
  A worm (D:3)
  4 dart slugs
  24 orcs
  6 endoplasms
  3 giant cockroaches
  14 goblins
  11 hobgoblins
  8 jackals (D:1)
  2 quokkas
  6 ball pythons
  9 bats
  A frilled lizard (D:1)
  7 kobolds
  11 rats
169 creatures vanquished.

Vanquished Creatures (others)
  3 fungi (D:1)
  3 toadstools (D:1)
6 creatures vanquished.

Grand Total: 175 creatures vanquished

Notes
Turn   | Place    | Note
-------+----------+-------------------------------------------
     0 | D:1      | Almogavar the Hill Orc Fighter began the quest for the Orb.
     0 | D:1      | Reached XP level 1. HP: 19/19 MP: 1/1
   200 | D:1      | Reached XP level 2. HP: 14/27 MP: 2/2
   730 | D:1      | Reached skill level 3 in Axes
   730 | D:1      | Reached XP level 3. HP: 33/33 MP: 3/3
  1245 | D:2      | Found a runed translucent door.
  1246 | D:2      | Noticed Crazy Yiuf
  1396 | D:2      | Reached XP level 4. HP: 30/40 MP: 4/4
  1761 | D:2      | Found a faded altar of an unknown god.
  1804 | D:2      | Noticed Robin
  1810 | D:2      | Reached skill level 4 in Axes
  1815 | D:2      | Killed Robin
  2054 | D:2      | Killed Crazy Yiuf
  2055 | D:2      | Reached XP level 5. HP: 37/47 MP: 5/5
  2278 | D:3      | Found a sacrificial altar of Ru.
  2859 | D:3      | Reached skill level 5 in Axes
  3250 | D:4      | Reached XP level 6. HP: 52/53 MP: 6/6
  3250 | D:4      | Found Zypsymn's Overcharged Wands.
  3301 | D:4      | Found Piutum's Book Shop.
  3301 | D:4      | Noticed a black bear
  3314 | D:4      | Killed a black bear
  3405 | D:4      | Found a staircase to the Ecumenical Temple.
  3414 | Temple   | Entered the Ecumenical Temple
  3653 | Temple   | Became a worshipper of Makhleb the Destroyer
  3806 | D:4      | Found a glowing drain.
  3820 | Sewer    | Entered a sewer
  3852 | Sewer    | Noticed a water moccasin
  3861 | Sewer    | Killed a water moccasin
  3862 | Sewer    | Reached skill level 5 in Fighting
  3862 | Sewer    | Reached skill level 6 in Axes
  3862 | Sewer    | Reached skill level 5 in Armour
  3862 | Sewer    | Reached XP level 7. HP: 47/61 MP: 7/7
  4061 | D:4      | Bought a book of Flames for 200 gold pieces
  4063 | D:4      | Learned a level 1 spell: Foxfire
  4488 | D:5      | Entered Level 5 of the Dungeon
  4612 | D:5      | Reached skill level 1 in Fire Magic
  4722 | D:5      | Noticed Edmund
  4734 | D:5      | Killed Edmund
  4735 | D:5      | Reached skill level 5 in Shields
  4970 | D:5      | Reached skill level 7 in Axes
  5233 | D:5      | Noticed Sigmund
  5265 | D:5      | Killed Sigmund
  5266 | D:5      | Reached XP level 8. HP: 28/69 MP: 8/8
  5515 | D:5      | Reached * piety under Makhleb
  5618 | D:5      | Reached skill level 8 in Axes
  6269 | D:5      | Noticed Menkaure
  6280 | D:5      | Killed Menkaure
  6651 | D:5      | Reached XP level 9. HP: 58/75 MP: 9/9
  6768 | D:6      | Reached skill level 9 in Axes
  7316 | D:7      | Noticed Harold
  7343 | D:7      | Killed Harold
  7344 | D:7      | Reached skill level 10 in Axes
  7344 | D:7      | Reached skill level 5 in Fire Magic
  7520 | D:7      | Reached ** piety under Makhleb
  7888 | D:7      | Reached skill level 11 in Axes
  7902 | D:7      | Noticed a troll
  7910 | D:7      | Killed a troll
  7911 | D:7      | Reached XP level 10. HP: 67/88 MP: 10/10
  8130 | D:7      | Slain by an ogre

Illustrated notes

Levels and vault maps discovered:
D:1:      lightli_iron_boxes, layout_loops_ring, chequers_serial_rivers_micro_a,
          minmay_gold_behind_fungi, minmay_quantized
D:2:      layout_rooms, chequers_ecumenical_altar_grove,
          uniq_crazy_yiuf_cottage, uniq_robin
D:3:      layout_basic, nicolae_ru_awakened_eye
D:4:      layout_basic, minmay_temple_entry_grid, serial_shops,
          nicolae_square_shop, portal_sewer_entry_a,
          nicolae_shop_overcharged_wands, uniq_pikel
D:5:      layout_basic, enter_ossuary_2, uniq_sigmund, uniq_edmund,
          uniq_menkaure
D:6:      layout_gridville
D:7:      layout_rooms, serial_glass, glass_columns_a, glass_columns_a,
          gammafunk_ghost_gnarly_gnolls, minmay_increasing_density, uniq_harold
Temple:   regret_index_temple_sigil_plot

Skill      XL: |  1  2  3  4  5  6  7  8  9 10 |
---------------+-------------------------------+-----
Fighting       | 4 5 7 |  7.9
Axes           | 3 4 5 6 7 8 11 | 11.5
Armour         | 4 5 6 7 |  7.7
Shields        | 4 5 |  5.9
Fire Magic     | 2 3 5 6 |  6.0

Action                   |  1- 3 |  4- 6 |  7- 9 | 10-12 || total
-------------------------+-------+-------+-------+-------++-------
Melee: War axe           |   119 |   200 |   209 |       ||   528
       Hand axe          |       |       |   123 |    39 ||   162
  Use: Scroll            |     1 |     7 |     6 |       ||    14
       Potion            |       |     1 |     1 |       ||     2
Armor: Scale mail        |    83 |   108 |    85 |    14 ||   290
Dodge: Dodged            |    51 |    89 |    92 |    11 ||   243
Block: Kite shield       |    80 |   142 |   101 |       ||   323
       Buckler           |       |       |    62 |    16 ||    78
